Map: Ascension to Aiur LE

Players

Whiskydog

  • Race: Terran Terran
  • League: Silver
  • Spawn Location: 5:00

OldDrive - Winner!

  • Race: Protoss Protoss
  • Spawn Location: 11:00

VOD

Have the link to the VOD?

Description

Time

  • Played on: June 16, 2017, 6:06 p.m.
  • Length: 13:49
Show
View Real Time Build Order
Export as new Build Order

Whiskydog Terran 

Build Orders:  

Get SALT Encoding   

  12  0:01  SCV  
  13  0:14  SCV  
  14  0:19  Supply Depot  
  14  0:26  SCV  
  15  0:40  SCV  
  15  0:42  Barracks  
  16  0:52  Refinery, SCV  
  17  1:04  SCV  
  18  1:17  SCV  
  19  1:29  Orbital Command  
  19  1:44  Barracks Reactor, Refinery  
  19  1:53  Command Center  
  20  2:01  SCV  
  20  2:13  SCV  
  21  2:15  Factory  
  21  2:21  Marine x2  
  23  2:28  Supply Depot  
  22  2:30  SCV  
  23  2:50  Marine x2, SCV  
  26  2:55  Supply Depot  
  26  2:59  Factory Reactor  
  26  3:07  Marine x2  
  26  3:09  Barracks  
  28  3:15  SCV  
  29  3:25  Marine x2  
  31  3:27  SCV  
  32  3:37  Supply Depot  
  32  3:40  SCV  
  33  3:43  Marine  
  33  3:45  Supply Depot  
  34  3:51  Orbital Command  
  34  3:53  SCV  
  35  3:58  Barracks Tech Lab  
  35  4:10  Starport  
  35  4:11  Marine  
  36  4:20  SCV  
  36  4:21  SCV  
  38  4:26  Marine  
  38  4:27  Marine  
  38  4:29  Stimpack  
  40  4:33  Marine  
  41  4:41  Barracks  
  41  4:44  Marine  
  42  4:46  Marauder  
  42  4:51  Marine, SCV x2  
  47  5:02  Supply Depot, Marine  
  47  5:03  SCV x2  
  47  5:04  Supply Depot  
  50  5:08  Supply Depot  
  50  5:10  Refinery  
  50  5:11  Marine  
  52  5:14  Marauder  
  52  5:15  SCV x2  
  55  5:26  Factory Tech Lab, Medivac x2  
  59  5:36  Engineering Bay  
  59  5:39  Engineering Bay  
  59  5:42  Marine x2  
  61  5:43  Barracks Reactor, Marine  
  61  5:47  Siege Tank  
  65  5:56  Medivac x2  
  69  6:00  Marine x2  
  71  6:19  Supply Depot  
  71  6:25  Bunker  
  71  6:33  SCV x2  
  71  6:36  Terran Infantry Armor Level 1, Terran Infantry Weapons Level 1  
  73  6:40  Medivac x2  
  73  6:41  Marine x2  
  73  6:42  Marine x2  
  73  6:44  Marauder  
  73  6:45  SCV x2  
  85  7:01  SCV x2  
  87  7:13  SCV x2  
  87  7:14  Marine  
  87  7:15  Marine x3  
  92  7:16  Marauder  
  95  7:25  Refinery, SCV x2  
  97  7:35  Marine x2  
  97  7:36  Marine x2  
  97  7:37  Barracks, SCV  
  101  7:38  Barracks  
  101  7:40  Barracks  
  101  7:43  Supply Depot  
  102  8:04  Siege Tank, Marine x4, SCV  
  110  8:11  Supply Depot  
  110  8:13  Supply Depot  
  110  8:16  Supply Depot  
  110  8:19  Supply Depot  
  110  8:26  Barracks Tech Lab  
  110  8:28  Barracks Tech Lab  
  110  8:29  Barracks Reactor  
  110  8:32  Marine x2  
  110  8:33  Marauder, SCV x2  
  116  8:39  Armory  
  116  8:45  Fusion Core, SCV x2  
  118  8:49  Marine x2  
  120  9:06  Command Center  
  120  9:09  Medivac x2  
  124  9:12  Marine x3  
  124  9:16  Marine  
  128  9:23  SCV  
  128  9:24  SCV  
  130  9:30  Marine x2  
  130  9:31  Marine x2  
  134  9:32  Marauder  
  134  9:34  Marauder  
  134  9:36  SCV x2  
  140  9:40  Supply Depot  
  140  9:50  Marine x2  
  142  10:02  Marine x2  
  142  10:03  Marine x2  
  146  10:11  Supply Depot  
  146  10:13  Supply Depot  
  146  10:14  Supply Depot  
  146  10:15  Supply Depot  
  146  10:16  SCV x2  
  146  10:21  Planetary Fortress  
  148  10:25  Marine  
  148  10:26  Marine x3  
  148  10:28  SCV x2  
  153  10:30  Medivac  
  158  10:37  Marine  
  158  10:38  Marine  
  158  10:39  Marauder  
  160  10:58  Refinery  
  160  11:01  Command Center, Hellbat  
  162  11:04  Refinery  
  162  11:05  Marine x2  
  162  11:08  Marine x2  
  97  12:06  Marine x5  
  97  12:07  Marine  
  101  12:11  Marine  
  101  12:13  Marauder x2  
  106  12:15  SCV x2  
  106  12:16  SCV  
  106  12:18  Planetary Fortress  
  109  12:28  SCV x3  
  114  12:30  Marauder  
  114  12:32  Marine x2  
  114  12:33  Marine x3  
  114  12:34  Marauder x2, Marine  
  124  12:40  SCV x2  
  126  12:44  Thor  
  126  12:50  Marine  
  133  12:57  Factory  
  133  13:02  Starport  
  133  13:03  Weapon Refit  
  133  13:04  Starport  
  133  13:10  Factory  
  133  13:22  Marine  
  133  13:23  Marine x5  
  133  13:24  Marauder  
  133  13:25  Marauder x2  
Show
View Real Time Build Order
Export as new Build Order

OldDrive Protoss - Winner!

Build Orders:  

Get SALT Encoding   

  12  0:01  Probe (Chrono Boost)  
  13  0:11  Probe (Chrono Boost)  
  14  0:17  Pylon  
  14  0:22  Probe (Chrono Boost)  
  16  0:35  Probe (Chrono Boost)  
  16  0:37  Gateway  
  16  0:46  Probe (Chrono Boost)  
  16  0:48  Assimilator  
  17  0:56  Probe (Chrono Boost)  
  18  1:00  Assimilator  
  18  1:07  Probe (Chrono Boost)  
  19  1:18  Probe (Chrono Boost)  
  20  1:28  Probe (Chrono Boost), Cybernetics Core  
  21  1:33  Pylon  
  21  1:46  Probe (Chrono Boost)  
  22  2:08  Nexus  
  22  2:11  Stalker  
  24  2:18  Warp Gate  
  25  2:23  Probe (Chrono Boost)  
  25  2:36  Probe (Chrono Boost)  
  26  2:40  Gateway  
  26  2:41  Pylon  
  26  2:48  Probe (Chrono Boost)  
  27  2:55  Stalker  
  29  3:17  Robotics Facility  
  31  3:27  Probe (Chrono Boost)  
  31  3:28  Probe (Chrono Boost)  
  31  3:40  Probe (Chrono Boost)  
  32  3:44  Twilight Council  
  32  3:46  Probe (Chrono Boost)  
  33  3:52  Probe (Chrono Boost)  
  34  3:57  Probe (Chrono Boost)  
  34  4:01  Observer  
  35  4:04  Probe (Chrono Boost)  
  39  4:11  Mothership Core (Chrono Boost)  
  39  4:13  Blink  
  39  4:16  Probe (Chrono Boost), Gateway  
  40  4:17  Gateway  
  40  4:28  Probe (Chrono Boost)  
  40  4:30  Probe (Chrono Boost)  
  42  4:38  Immortal  
  42  4:41  Probe (Chrono Boost)  
  42  4:43  Probe (Chrono Boost)  
  49  4:53  Probe (Chrono Boost)  
  49  4:55  Probe (Chrono Boost)  
  49  4:56  Assimilator  
  49  4:57  Assimilator  
  50  5:05  Probe (Chrono Boost)  
  52  5:07  Probe (Chrono Boost)  
  52  5:14  Stalker  
  54  5:29  Pylon  
  54  5:30  Pylon  
  54  5:46  Pylon  
  54  5:49  Probe x2 (Chrono Boost)  
  56  5:50  Pylon  
  56  5:54  Templar Archives  
  56  5:58  Zealot x4  
  56  6:01  Probe (Chrono Boost)  
  65  6:11  Gateway x2  
  65  6:14  Observer  
  66  6:21  Zealot  
  66  6:22  Zealot x2  
  66  6:23  Zealot  
  74  6:34  Immortal  
  78  6:42  Nexus  
  78  6:47  Forge  
  78  6:50  Forge  
  78  7:04  Stalker x2  
  78  7:05  Stalker x2  
  86  7:10  Pylon  
  86  7:12  Pylon  
  86  7:23  Immortal  
  86  7:26  Charge  
  90  7:35  Psionic Storm, Pylon  
  90  7:38  Pylon  
  90  7:39  Probe x2 (Chrono Boost)  
  90  7:40  Zealot x3  
  98  7:47  Pylon  
  98  7:50  High Templar  
  102  7:51  Probe x2 (Chrono Boost)  
  102  7:54  Probe (Chrono Boost)  
  102  7:57  Assimilator  
  103  8:03  Probe (Chrono Boost)  
  103  8:04  Probe (Chrono Boost), Protoss Ground Armor Level 1, Protoss Ground Weapons Level 1  
  103  8:05  Assimilator, Probe (Chrono Boost)  
  106  8:09  Warp Prism  
  108  8:16  Probe x2 (Chrono Boost)  
  110  8:30  Probe (Chrono Boost), Gateway  
  110  8:32  Probe x2 (Chrono Boost), Gateway  
  110  8:33  Gateway  
  113  8:36  High Templar  
  113  8:37  High Templar x3, Gateway  
  121  8:44  Probe (Chrono Boost)  
  122  8:51  Probe (Chrono Boost)  
  122  8:52  Probe (Chrono Boost)  
  125  8:56  Probe (Chrono Boost)  
  125  9:01  Probe (Chrono Boost)  
  127  9:04  Probe (Chrono Boost)  
  127  9:13  Nexus  
  127  9:41  Pylon  
  127  9:44  Pylon  
  127  9:52  Protoss Ground Weapons Level 2  
  125  10:07  Protoss Ground Armor Level 2  
  125  10:25  Warp Prism  
  128  10:35  Probe (Chrono Boost)  
  128  10:42  Pylon  
  128  10:46  Probe (Chrono Boost), Stalker x2  
  128  10:47  Stalker x5  
  128  10:48  Pylon, Stalker x2  
  128  10:49  Stalker  
  149  10:56  Immortal  
  149  10:57  Probe (Chrono Boost)  
  154  11:06  Robotics Facility  
  154  11:07  Probe (Chrono Boost)  
  155  11:18  Probe (Chrono Boost)  
  106  11:39  Zealot  
  92  11:40  Zealot x3  
  92  11:41  Zealot x5  
  92  11:42  Zealot  
  96  11:51  Immortal  
  86  12:01  Immortal  
  86  12:07  Stalker x4  
  86  12:08  Zealot, Stalker  
  100  12:09  Zealot x2  
  106  12:19  Robotics Bay  
  106  12:23  High Templar x2  
  106  12:25  Immortal  
  110  12:31  Probe (Chrono Boost)  
  110  12:32  Probe x2 (Chrono Boost)  
  110  12:33  Assimilator  
  117  12:37  Assimilator  
  117  12:40  High Templar x4  
  117  12:41  High Templar x4, Immortal  
  137  12:44  Archon x3  
  137  12:45  Archon  
  137  12:46  Archon, Nexus  
  137  13:05  Probe (Chrono Boost)  
  140  13:06  Probe (Chrono Boost)  
  140  13:07  Probe (Chrono Boost)  
  140  13:22  Pylon  
  140  13:23  Zealot x4  
  140  13:24  Pylon, Zealot x3  
  140  13:25  Zealot x3  
  146  13:49  Stalker x3  
Tags
 
League
Silver
Matchup
PvT
Replay Pack
SIII
Spawn Locations
Cross Positions
Add a new tag
Caveats
  • Supply blocks, unpowered buildings, or Contaminate may cause inaccurate times.
  • Supply counts are checked every 10 seconds.